 Dungeon Crawl Stone Soup version 0.27-a0-720-g3f424a255b (webtiles) character file.

Game seed: 9938988211850534277

21 Dreamer the Skirmisher (level 2, -1/25 HPs)
             Began as a Barachi Fighter on Mar 23, 2021.
             Slain by a kobold
             ... wielding a +0 short sword
              (5 damage)
             ... on level 2 of the Dungeon.
             The game lasted 00:03:45 (673 turns).

Dreamer the Skirmisher (Barachi Fighter)             Turns: 673, Time: 00:03:46

Health: -1/25      AC:  7    Str: 17    XL:     2   Next: 87%
Magic:  2/2        EV:  4    Int:  8    God:
Gold:   16         SH:  9    Dex: 11    Spells: 1/1 levels left

rFire    . . .     SeeInvis .   a - +0 flail
rCold    . . .     Faith    .   c - +0 kite shield
rNeg     . . .     Spirit   .   b - +0 scale mail
rPois    .         Reflect  .   (no helmet)
rElec    .         Harm     .   (no cloak)
rCorr    .         Rampage  .   (no gloves)
Will     .....                  (no boots)
Stlth    ..........             (no amulet)
HPRegen  0.08/turn              (no ring)
MPRegen  0.08/turn              (no ring)

@: constricted, slow
A: +LOS, amphibious, slowness 1, strong legs 1
a: Hop


You were on level 2 of the Dungeon.
You visited 1 branch of the dungeon, and saw 2 of its levels.

You collected 16 gold pieces.

Inventory:

Hand Weapons
 a - a +0 flail (weapon)
Armour
 b - a +0 scale mail (worn)
 c - a +0 kite shield (worn)
Scrolls
 e - a scroll of acquirement {unknown}
 g - a scroll of identify {unknown}
Potions
 d - a potion of might
 f - a potion of lignification {unknown}


   Skills:
 + Level 3.9 Fighting
 + Level 2.5 Maces & Flails
 + Level 3.9 Armour
 + Level 1.0 Dodging
 + Level 3.5 Shields


You had one spell level left.
You didn't know any spells.
Your spell library contained the following spells:

 Spells                   Type           Power      Damage    Failure   Level
 Magic Dart               Conj           0%         1d3       99%         1
 Blink                    Tloc           N/A        N/A       100%        2
 Call Imp                 Summ           0%         N/A       100%        2
 Slow                     Hex            0%         N/A       100%        2
 Conjure Flame            Conj/Fire      0%         6-21      100%        3
 Mephitic Cloud           Conj/Pois/Air  0%         N/A       100%        3


Dungeon Overview and Level Annotations

Branches:
Dungeon (2/15)

Altars:


Innate Abilities, Weirdness & Mutations

You can be seen from farther away. (+LOS)
You are amphibious.
You cover ground slowly.
You can hop short distances.


Message History

You block the ball python's attack. The ball python constricts you.
The ooze hits you but does no damage.
The ball python bites you but does no damage.
The ball python constricts you.
You closely miss the ball python.
The ball python is moderately wounded.
The ball python bites you but does no damage.
The ball python constricts you. The ooze hits you.
A kobold comes into view. It is wielding a +0 short sword.
You block the ball python's attack. The ball python constricts you.
The ooze hits you but does no damage.
You escape the ball python's grasp.
The kobold shouts!
The ball python bites you but does no damage.
The ball python grabs you. The ball python constricts you.
There is a stone staircase leading down here.
You escape the ball python's grasp.
You block the kobold's attack. You block the ball python's attack.
The ball python barely misses you.
You climb downwards.
An adder comes into view.
The adder hisses angrily.
Found a stone staircase leading down.
There is a stone staircase leading up here.
You closely miss the ball python.
The ball python is moderately wounded.
The kobold hits you but does no damage.
The ball python bites you but does no damage.
You block the ball python's attack.
The kobold hits you with a +0 short sword.
You completely miss the ball python.
The ball python is moderately wounded.
You block the ball python's attack. x2
The kobold hits you with a +0 short sword.
* * * LOW HITPOINT WARNING * * *
The ball python bites you but does no damage.
The ball python grabs you.
* * * LOW HITPOINT WARNING * * *
The ball python constricts you.
The kobold hits you with a +0 short sword.
You die...

## .. ##
>###.
..#.##
S...#
######....
.........#
.......S.#
.......K@#
##########


You could see an adder, a ball python and a kobold.

Vanquished Creatures
  A dart slug (D:1)
  A ball python (D:1)
  3 bats (D:1)
  A hobgoblin (D:1)
  3 kobolds (D:1)
  5 oozes (D:1)
  5 rats (D:1)
19 creatures vanquished.

Notes
Turn   | Place    | Note
-------+----------+-------------------------------------------
     0 | D:1      | Dreamer the Barachi Fighter began the quest for the Orb.
     0 | D:1      | Reached XP level 1. HP: 18/18 MP: 1/1
   165 | D:1      | Reached XP level 2. HP: 19/25 MP: 2/2
   650 | D:1      | Reached skill level 1 in Dodging
   673 | D:2      | Slain by a kobold

Illustrated notes

Levels and vault maps discovered:
D:1:      lightli_arrival_flooded_house, layout_rooms,
          chequers_serial_rivers_small_3
D:2:      layout_rooms, minmay_misc_feat_doors,
          hangedman_abyss_or_decor_lesser_grid, kennysheep_big_empty_room

Skill      XL: |  1  2 |
---------------+-------+-----
Dodging        | 1 |  1.0
Fighting       | |  3.9
Maces & Flails | |  2.5
Armour         | |  3.9
Shields        | |  3.5

Action                   || total
-------------------------++-------
Melee: Flail             ||    63
Armor: Scale mail        ||    41
Dodge: Dodged            ||    21
Block: Kite shield       ||    39

Table legend: (Time is in decaauts)
 A = Elapsed time spent in this place.
 B = Non-inter-level travel time spent in this place.
 C = Inter-level travel time spent in this place.
 D = Time resting spent in this place.
 E = Time spent auto-exploring this place.
 F = Levels seen in this place.
 G = Mean time per level.
                   A        B        C        D        E       F      G
               +--------+--------+--------+--------+--------+-----+--------+
         Total |    750 |    750 |      0 |    364 |    201 |   2 |  375.0 |
       Dungeon |    750 |    750 |      0 |    364 |    201 |   2 |  375.0 |
               +--------+--------+--------+--------+--------+-----+--------+

Top non-repeatable levels by time:
     D:1: 748 daAuts
     D:2: 2 daAuts
